 Dungeon Crawl Stone Soup version 0.19-a0-1107-gc676ff4 (webtiles) character file.

219 4thArraOfDagon the Ruffian (level 5, -4/49 HPs)
             Began as a Troll Arcane Marksman on Aug 9, 2016.
             Was an Initiate of Qazlal.
             Slain by an ogre
             ... wielding a +0 giant club
              (22 damage)
             ... on level 6 of the Dungeon.
             The game lasted 00:03:20 (732 turns).

4thArraOfDagon the Ruffian (Troll Arcane Marksman)   Turns: 732, Time: 00:03:21

Health: -4/49      AC:  6    Str: 19    XL:     5   Next: 63%
Magic:  5/5        EV: 10    Int: 10    God:    Qazlal [......]
Gold:   37         SH:  0    Dex:  9    Spells: 1 memorised, 5 levels left

rFire  . . .     SeeInvis .       - Unarmed
rCold  . . .     Gourm    +     a - +0 robe
rNeg   . . .     Faith    .     (no shield)
rPois  .         Spirit   .     (helmet restricted)
rElec  .         Dismiss  .     i - +0 cloak
rCorr  .         Reflect  .     (gloves unavailable)
SustAt .         Harm     .     (boots unavailable)
MR     .....                    (no amulet)
Stlth  +.........               (no ring)
                                (no ring)

@:
A: unfitting armour, claws 3, fast metabolism 3, gourmand, regeneration 2,
shaggy fur 1, tough skin 2
a: Renounce Religion


You were on level 6 of the Dungeon.
You worshipped Qazlal.
Qazlal was noncommittal.
You were very full.

You visited 2 branches of the dungeon, and saw 7 of its levels.

You collected 37 gold pieces.

Inventory:

Missiles
 c - 4 large rocks (quivered)
 d - 2 throwing nets
Armour
 a - a +0 robe (worn)
 i - a +0 cloak (worn)
Scrolls
 e - 3 scrolls of amnesia {unknown}
 g - 2 scrolls of identify {unknown}
 h - 2 scrolls of teleportation {unknown}
Potions
 j - 2 potions of cure mutation {unknown}
 k - a potion of magic {unknown}
 m - 2 potions of curing {unknown}
Books
 b - a book of Debilitation

   Spells                             Type                      Level
   a - Corona                         Hexes                        1
   b - Slow                           Hexes                        2
   c - Gell's Gravitas                Hexes/Translocation          3
   d - Inner Flame                    Hexes/Fire                   3
   e - Cause Fear                     Hexes                        4
   f - Leda's Liquefaction            Hexes/Earth                  4
Comestibles
 f - 2 bread rations
 l - a meat ration


   Skills:
 + Level 1.8 Fighting
 - Level 1.7 Throwing
 + Level 2.2 Dodging
 * Level 4.2 Unarmed Combat
 - Level 1.0 Spellcasting
 - Level 2.0 Hexes
 + Level 1.3 Invocations


You had 5 spell levels left.
You knew the following spells:

 Your Spells              Type           Power        Failure   Level  Hunger
a - Corona                Hex            #......      17%         1    ##.....


Dungeon Overview and Level Annotations

Branches:
Dungeon (6/15)             Temple (1/1) D:4

Altars:
Cheibriados
Kikubaaqudgha
Nemelex Xobeh
Pakellas
Qazlal
Ru
Trog
Uskayaw
Xom


Innate Abilities, Weirdness & Mutations

You are too large for most types of armour.
You have claws for hands.
Your metabolism is lightning-fast.
You like to eat raw meat.
You heal very quickly.
You are covered in fur. (AC +1)
You have very tough skin. (AC +2)


Message History

You barely miss the ogre. The ogre hits you but does no damage.
You barely miss the ogre. The ogre hits you with a giant club!
You barely miss the ogre. The ogre barely misses you.
You barely miss the ogre. You claw the ogre! Your claw misses the ogre.
The ogre is moderately wounded.
The ogre hits you with a giant club!
You claw the ogre!
The ogre is severely wounded.
The ogre closely misses you.
You claw the ogre!
You kill the ogre!
Qazlal accepts your kill.
Your Unarmed Combat skill increases to level 4!
Your Invocations skill increases to level 1!
You have reached level 5!
The ogre shouts!
You see here a giant club.
The ogre hits you with a giant club!!
You die...

###.........#
............#
#......)..#
#.......####
#..<........
#.......###
§#......÷.#########
§§........).......##
.§§........##@........
............##O.....#.
....#......###......#
.§.##.....##
#........# .# #######
#%.....### #.......#
#.......# #.......#
#######.#


You could see an ogre.

Vanquished Creatures
  An ogre (D:6)
  A centaur zombie (D:5)
  An orc priest (D:5)
  A worker ant (D:4)
  2 adders
  A worm (D:2)
  4 orcs (D:5)
  2 giant cockroaches (D:3)
  3 goblins
  A hobgoblin (D:2)
  3 jackals (D:2)
  3 bats
  A giant newt (D:3)
  2 kobolds
  A rat (D:3)
27 creatures vanquished.

Notes
Turn   | Place    | Note
-------+----------+-------------------------------------------
     0 | D:1      | 4thArraOfDagon the Troll Arcane Marksman began the quest for the Orb.
     0 | D:1      | Reached XP level 1. HP: 18/18 MP: 1/1
    74 | D:2      | Reached skill level 1 in Unarmed Combat
    83 | D:2      | Reached XP level 2. HP: 23/26 MP: 2/2
   131 | D:2      | Reached skill level 2 in Unarmed Combat
   405 | D:4      | Reached skill level 3 in Unarmed Combat
   405 | D:4      | Reached XP level 3. HP: 32/32 MP: 3/3
   452 | D:4      | Found a staircase to the Ecumenical Temple.
   460 | Temple   | Entered the Ecumenical Temple
   500 | Temple   | Became a worshipper of Qazlal Stormbringer
   588 | D:5      | Entered Level 5 of the Dungeon
   598 | D:5      | Reached skill level 1 in Fighting
   598 | D:5      | Reached XP level 4. HP: 30/41 MP: 4/4
   715 | D:6      | Noticed an ogre
   716 | D:6      | Noticed an ogre
   730 | D:6      | Killed an ogre
   730 | D:6      | Reached skill level 4 in Unarmed Combat
   730 | D:6      | Reached skill level 1 in Invocations
   730 | D:6      | Reached XP level 5. HP: 16/49 MP: 5/5
   732 | D:6      | Slain by an ogre

Vault maps used:
D:1:      minmay_arrival_solitary_statue, st_stairs_8, minmay_misc_feat_tower,
          hangedman_decor_points, minmay_misc_feat_five
D:2:      grunt_temple_overflow_gold_and_silver, first_bread
D:4:      lemuel_coloured_pillars_altar, uniq_pikel, uniq_blork_the_orc,
          uniq_natasha
D:5:      black_bear_nest_1, lemuel_round_altar,
          gammafunk_temple_overflow_statue, makhleb_altar_promises_db
D:6:      nicolae_dithmenos_the_darkroom, portal_sewer_entry_e, uniq_sigmund
Temple:   kb_temple_of_zot

Skill      XL: |  1  2  3  4 |
---------------+-------------+-----
Unarmed Combat | 1 3 4 |  4.2
Fighting       | 1 |  1.8
Dodging        | 2 |  2.2
Invocations    | 1 |  1.3
Throwing       | |  1.7
Spellcasting   | |  1.0
Hexes          | |  2.0

Action                   |  1- 3 |  4- 6 || total
-------------------------+-------+-------++-------
Melee: Unarmed           |    61 |    20 ||    81
  Eat: Chunk             |     7 |     4 ||    11
Armor: Robe              |    41 |     4 ||    45
Dodge: Dodged            |    31 |     8 ||    39
